 Dungeon Crawl Stone Soup version 0.17-a0-377-gdd46233 (webtiles) character file.

78 McCoppin the Insei (level 4, -2/28 HPs)
             Began as an Octopode Transmuter on Apr 1, 2015.
             Slain by an adder (5 damage)
             ... on level 3 of the Dungeon.
             The game lasted 00:04:54 (1655 turns).

McCoppin the Insei (Octopode Transmuter)            Turns: 1655, Time: 00:04:54

Health: -2/28      AC:  1    Str:  9    XL:     4   Next: 36%
Magic:  5/6        EV: 12    Int: 15    God:
Gold:   186        SH:  0    Dex: 13    Spells: 1 memorised, 6 levels left

rFire  . . .     SeeInvis .       - Unarmed
rCold  . . .     Clarity  .     (no shield)
rNeg   . . .     SustAb   .     (helmet restricted)
rPois  .         Gourm    .     (no amulet)
rElec  .         Spirit   .     (no ring)
rCorr  .         Warding  .     (no ring)
rMut   .         Stasis   .     (no ring)
MR     .....                    (no ring)
Stlth  ++++......               (no ring)
                                (no ring)
                                (no ring)
                                (no ring)

@: lethally poisoned (-2 -> -4), appendage, not resistant to hostile
enchantments, stealthy
A: almost no armour, amphibious, 8 rings, constrict 8, tentacle spike 3,
camouflage 1, gelatinous body 1
a: End Transformation


You were on level 3 of the Dungeon.
You were not hungry.
One of your tentacles had a temporary spike.
You visited 1 branch of the dungeon, and saw 3 of its levels.

You collected 186 gold pieces.

Inventory:

Missiles
 b - 34 arrows
 j - 4 tomahawks (quivered)
 k - 2 arrows of frost
Scrolls
 c - a scroll of remove curse {unknown}
 e - a scroll of identify {unknown}
 f - 3 scrolls of teleportation {unknown}
 m - a scroll of amnesia {unknown}
Potions
 g - a potion of restore abilities {unknown}
 i - 2 potions of flight {unknown}
 l - a potion of cure mutation {unknown}
Books
 d - a book of Changes

   Spells                             Type                      Level
   a - Beastly Appendage              Transmutation                1
   b - Sticks to Snakes               Transmutation                2
   c - Spider Form                    Transmutation/Poison         3
   d - Ice Form                       Ice/Transmutation            4
   e - Blade Hands                    Transmutation                5
Comestibles
 a - a bread ration
 h - a meat ration


   Skills:
 - Level 1.0 Fighting
 - Level 2.0 Dodging
 * Level 3.8 Stealth
 + Level 4.1 Unarmed Combat
 - Level 2.0 Spellcasting
 - Level 2.0 Transmutations


You had 6 spell levels left.
You knew the following spells:

 Your Spells              Type           Power        Failure   Level  Hunger
a - Beastly Appendage     Trmt           #.....       12%         1    #......


Dungeon Overview and Level Annotations

Branches:
Dungeon (3/15)

Altars:
Gozag


Innate Abilities, Weirdness & Mutations

You cannot wear most types of armour.
You are amphibious.
You can wear up to eight rings at the same time.
You can use your tentacles to constrict eight enemies at once.
Your skin changes colour to match your surroundings (Stealth).
Your rubbery body absorbs attacks (AC +1).
One of your tentacles bears a large vicious spike.


Message History

Your transformation is almost over.
You feel sick.
You see here an adder corpse.
The adder closely misses you.
Casting: Beastly Appendage
Confirm with . or Enter, or press ? or * to list all spells.
You extend your transformation's duration.
The adder barely misses you.
You miss the adder. You grab the adder.
You constrict the adder, but do no damage.
You feel sick. The adder bites you.
* * * LOW HITPOINT WARNING * * *
You barely miss the adder.
You pierce the adder, but do no damage.
You constrict the adder. The adder misses you. The adder barely misses you.
You tentacle-slap the adder. You squeeze the adder.
The adder is heavily wounded.
You constrict the adder. The hobgoblin hits you with a club.
* * * LOW HITPOINT WARNING * * *
The adder bites you.
You die...

.... .....### ... ........
.... ........# ..... .#....
#.### #...#
......##..†##.$#
..........†...##
#.S.......Sg)...#
........<..@.(..###########
###.............#.........#
###..#####(####.........#
##. #.....#..........# #
#.#.###..........#
#.._..##...<.....#
###.#.#..........#
#...).#.##########
###)###.#


You could see an adder and a hobgoblin.

Vanquished Creatures
  4 adders
  A giant gecko (D:2)
  An ooze (D:2)
  An orc (D:3)
  A ball python (D:2)
  5 bats
  A giant cockroach (D:1)
  7 hobgoblins
  4 kobolds
  3 giant newts (D:1)
  5 goblins
  8 rats
41 creatures vanquished.

Notes
Turn   | Place    | Note
--------------------------------------------------------------
     0 | D:1      | McCoppin, the Octopode Transmuter, began the quest for the Orb.
     0 | D:1      | Reached XP level 1. HP: 13/13 MP: 3/3
   443 | D:1      | Reached XP level 2. HP: 15/18 MP: 4/4
   584 | D:1      | Reached skill level 1 in Stealth
   966 | D:2      | Reached XP level 3. HP: 23/23 MP: 3/5
  1151 | D:2      | Reached skill level 4 in Unarmed Combat
  1494 | D:2      | Reached XP level 4. HP: 28/28 MP: 6/6
  1608 | D:3      | Found an opulent altar of Gozag.
  1655 | D:3      | Slain by an adder

Action                   |  1- 3 |  4- 6 || total
-------------------------+-------+-------++-------
Melee: Unarmed           |    73 |    15 ||    88
 Cast: Beastly Appendage |     3 |     2 ||     5
 Stab: Sleeping          |    10 |       ||    10
  Eat: Chunk             |     1 |     1 ||     2
